 Dungeon Crawl Stone Soup version 0.31-a0-620-gd1cbd99268 (webtiles) character file.

Game seed: 6257862838018172170

422 CrazyBamboolord the Grave Robber (level 6, -2/43 HPs)
             Began as a Mummy Necromancer on Aug 23, 2023.
             Slain by a gnoll
             ... wielding a +0 club
             ... led by a gnoll bouda
              (4 damage)
             ... on level 4 of the Dungeon.
             The game lasted 00:07:59 (4169 turns).

CrazyBamboolord the Grave Robber (MuNe)             Turns: 4169, Time: 00:08:00

Health: -2/43      AC:  4    Str: 15    XL:     6   Next: 63%
Magic:  0/14       EV: 12    Int: 16    God:
Gold:   159        SH:  0    Dex: 15    Spells: 8/16 levels left

rFire   x . .        h - +2 whip (drain)
rCold   + . .        (no shield)
rNeg    + + +        a - +0 robe
rPois   ∞            (no helmet)
rElec   .            g - +1 cloak
rCorr   .            (no gloves)
SInv    .            (no boots)
Will    +....        (no amulet)
Stlth   ++           c - ring of willpower
HPRegen 0.27/turn    b - ring of Ebramip {Fly Str+3 Dex+3}
MPRegen 0.14/turn

%: faith
@: weakened, flying
A: cold resistance 1, negative energy resistance 3, torment resistance 2, heat
vulnerability 1, in touch with death 1, no potions, faith
a: no special abilities


You were on level 4 of the Dungeon.
You visited 1 branch of the dungeon, and saw 4 of its levels.
You also visited: Sewer.

You collected 159 gold pieces.

Inventory:

Hand Weapons
 h - a +2 whip of draining (weapon)
Armour
 a - a +0 robe (worn)
 g - a +1 cloak (worn)
Jewellery
 b - the ring of Ebramip (right hand) {Fly Str+3 Dex+3}
   (You acquired it on level 3 of the Dungeon)

   [ring of flight]

   Str+3:     It affects your strength (+3).
   Dex+3:     It affects your dexterity (+3).
   Fly:       It grants you flight.
 c - a ring of willpower (left hand)
 e - a +6 ring of dexterity
Scrolls
 d - a scroll of teleportation
 f - 2 scrolls of poison


   Skills:
 * Level 1.5 Fighting
 * Level 2.5 Dodging
 + Level 1.8 Stealth
 * Level 5.7 Spellcasting
 * Level 5.8 Necromancy


You had 8 spell levels left.
You knew the following spells:

 Your Spells              Type           Power      Damage    Failure   Level
a - Necrotise             Necr           100%       1d9       1%          1
b - Vampiric Draining     Necr           35%        2d8       3%          3
c - Animate Dead          Necr           35%        N/A       13%         4

Your spell library contained the following spells:

 Spells                   Type           Power      Damage    Failure   Level
 Agony                    Necr           35%        N/A       34%         5
 Irradiate                Conj/Tmut      2%         3d12      98%         5
 Wereblood                Tmut           Unusable   N/A       N/A         2

Dungeon Overview and Level Annotations

Branches:
Dungeon (4/15)              Sewer (visited)
 Temple: D:4-7

Altars:
Dithmenos
Fedhas
Gozag
Okawaru
Vehumet
Wu Jian


Innate Abilities, Weirdness & Mutations

You are immune to poison.
Your flesh is cold resistant. (rC+)
You are immune to negative energy. (rN+++)
You are immune to unholy pain and torment.
You are vulnerable to heat. (rF-)
You are in touch with the powers of death.
You do not drink.
You have a special connection with the divine. (Faith)


Message History

You feel as though you will be weak longer.
The gnoll attacks as it pursues you!
The gnoll hits you with a +1 flail of venom.
The gnoll attacks as it pursues you! The gnoll closely misses you.
The gnoll bouda calls upon its god to heal the gnoll.
The gnoll's wounds heal themselves!
The gnoll hits you with a +1 flail of venom!
The gnoll is no longer moving quickly.
The gnoll bouda barks out a call to the hunt!
The gnoll picks up the pace!
The gnoll is no longer moving quickly.
The gnoll attacks as it pursues you!
The gnoll hits you with a +1 flail of venom! x2
* * * LOW HITPOINT WARNING * * *
The gnoll attacks as it pursues you! The gnoll misses you.
You can't drink.
Okay, then.
You hit the gnoll.
The gnoll is moderately wounded.
Your attacks no longer feel as feeble.
The gnoll bouda barks out a call to the hunt!
The gnoll picks up the pace!
Casting: Necrotise (safe; 1% risk of failure)
Confirm with . or Enter, or press ? or * to list all spells.
Aiming: Vampiric Draining (dangerous; 3% risk of failure)
Press: ? - help, Shift-Dir - straight line, f - gnoll, p - gnoll bouda
Aim: a gnoll, wielding a +1 flail of venom (moderately wounded, covering ground quickly)
You feel a surge of power!
You draw life force from the gnoll.
You feel life coursing into your body.
The gnoll bouda gazes fiercely through you!
You feel your attacks grow feeble. The gnoll barely misses you.
The gnoll hits you with a +0 flail.
* * * LOW HITPOINT WARNING * * *
The gnoll bouda gazes fiercely through you!
You feel as though you will be weak longer.
The gnoll closely misses you.
The gnoll is no longer moving quickly.
The gnoll attacks as it pursues you! The gnoll hits you with a +0 club!
* * * LOW HITPOINT WARNING * * *
The gnoll barely misses you. The gnoll hits you with a +0 club.
You die...

.
.........#..###...#
...#.#......!....#.#
...###.....#.......#
...........#....#.##
.##...##.#....###
#......(..#....#
#........#..#.#
##.###..####...#
.##..###.## #@###
[..##.#.#.## ##gg#
.....#......###.g.#
[.......#.....g..##
.................##
#...........#.....#
#...........#..[..#
...............####
..............##..#


You could see a gnoll bouda and 3 gnolls.

Vanquished Creatures
  Edmund (D:4)
  A kobold brigand (Sewer)
  An iguana (D:4)
  An orc wizard (D:3)
  5 adders
  A gnoll (D:4)
  4 river rats (Sewer)
  A worm (D:2)
  A dart slug (D:1)
  4 orcs (D:3)
  6 endoplasms
  6 giant cockroaches
  9 goblins
  2 hobgoblins (D:3)
  4 jackals
  3 quokkas
  9 ball pythons
  4 bats
  9 frilled lizards
  10 kobolds
  8 rats
90 creatures vanquished.

Vanquished Creatures (collateral kills)
  A worm (D:2)
  3 dart slugs
  An orc (D:3)
  A hobgoblin (D:3)
  2 rats
8 creatures vanquished.

Grand Total: 98 creatures vanquished

Notes
Turn   | Place    | Note
-------+----------+-------------------------------------------
     0 | D:1      | CrazyBamboolord the Mummy Necromancer began the quest for
                  | the Orb.
     0 | D:1      | Reached XP level 1. HP: 13/13 MP: 4/4
    10 | D:1      | You fall into a shaft and drop 1 floor!
    72 | D:2      | Found a shadowy altar of Dithmenos.
   150 | D:1      | Reached XP level 2. HP: 19/19 MP: 1/5
   984 | D:1      | Gained mutation: You are in touch with the powers of death.
                  | [Mummy growth]
   984 | D:1      | Reached XP level 3. HP: 24/24 MP: 4/7
  1136 | D:1      | Learned a level 3 spell: Vampiric Draining
  1887 | D:3      | Found an opulent altar of Gozag.
  1889 | D:3      | Found a radiant altar of Vehumet.
  1890 | D:3      | Identified a scroll of acquirement
  1894 | D:3      | Acquired the ring of Ebramip {Fly Str+3 Dex+3}
  1899 | D:3      | Found an ornate altar of the Wu Jian Council.
  1900 | D:3      | Found a shadowy altar of Dithmenos.
  1904 | D:3      | Found a blossoming altar of Fedhas.
  2007 | D:3      | Reached XP level 4. HP: 28/31 MP: 3/9
  2120 | D:3      | Found an iron altar of Okawaru.
  2129 | D:3      | Reached skill level 5 in Necromancy
  2153 | D:3      | Found a glowing drain.
  2164 | Sewer    | Entered a sewer
  2299 | Sewer    | Reached XP level 5. HP: 36/36 MP: 6/11
  2304 | Sewer    | Learned a level 4 spell: Animate Dead
  2439 | Sewer    | Reached skill level 1 in Fighting
  2735 | Sewer    | Reached skill level 5 in Spellcasting
  3645 | D:3      | Found a faded altar of an unknown god.
  3788 | D:3      | Reached XP level 6. HP: 43/43 MP: 11/13
  3893 | D:4      | Noticed Edmund
  4137 | D:4      | Killed Edmund
  4169 | D:4      | HP: 2/43 [gnoll/+0 club[a gnoll bouda] (8)]
  4169 | D:4      | Slain by a gnoll

Illustrated notes

Levels and vault maps discovered:
D:1:      psy_arrival_whirlpool, layout_loops_corners
D:2:      layout_rooms, basic_altar
D:3:      minmay_angry_zag, layout_basic, mainiacjoe_overflow_brackets,
          minitemple, portal_sewer_entry_d, dilly_ecumenical_altar_fadedgnrine,
          wad_orctagon
D:4:      layout_cave_pools, uniq_natasha, uniq_edmund

Skill      XL: |  1  2  3  4  5 |
---------------+----------------+-----
Spellcasting   | 3 4 5 |  5.7
Dodging        | 2 |  2.5
Necromancy     | 5 |  5.8
Fighting       | 1 |  1.5
Stealth        | |  1.8

Action                     |  1- 3 |  4- 6 || total
---------------------------+-------+-------++-------
  Melee: Unarmed           |     4 |       ||     4
         Whip              |     1 |    13 ||    14
   Cast: Necrotise         |    76 |   109 ||   185
         Vampiric Draining |       |     5 ||     5
    Use: Scroll            |     9 |       ||     9
   Stab: Sleeping          |     1 |     1 ||     2
 Armour: Robe              |     5 |    11 ||    16
  Dodge: Dodged            |    12 |    32 ||    44

Table legend: (Time is in decaauts)
 A = Elapsed time spent in this place.
 B = Non-inter-level travel time spent in this place.
 C = Inter-level travel time spent in this place.
 D = Time resting spent in this place.
 E = Time spent auto-exploring this place.
 F = Levels seen in this place.
 G = Mean time per level.
                   A        B        C        D        E       F      G
               +--------+--------+--------+--------+--------+-----+--------+
         Total |   4168 |   3941 |    227 |      0 |   3284 |   5 |  833.6 |
       Dungeon |   3348 |   3121 |    227 |      0 |   2589 |   4 |  837.0 |
         Sewer |    819 |    819 |      0 |      0 |    695 |   1 |  819.0 |
               +--------+--------+--------+--------+--------+-----+--------+

Top non-repeatable levels by time:
     D:3: 1220 daAuts
     D:1: 1124 daAuts
   Sewer: 819 daAuts
     D:2: 760 daAuts
     D:4: 243 daAuts
